 Dungeon Crawl Stone Soup version 0.18.1-47-g9310371 (webtiles) character file.

2204 KrisztiCat the Magician (level 9, -1/51 HPs)
             Began as a Gargoyle Earth Elementalist on June 17, 2016.
             Was a Follower of Vehumet.
             Killed from afar by an orc wizard (5 damage)
             ... with a magic dart
             ... on level 7 of the Dungeon on June 18, 2016.
             The game lasted 00:43:46 (5516 turns).

KrisztiCat the Magician (GrEE)                      Turns: 5516, Time: 00:43:47

Health: -1/51      AC: 17    Str: 16    XL:     9   Next: 34%
Magic:  12/20      EV: 12    Int: 19    God:    Vehumet [*.....]
Gold:   264        SH:  0    Dex: 10    Spells: 2 memorised, 18 levels left

rFire  . . .     SeeInvis .     A - +2 whip (freeze)
rCold  . . .     Gourm    .     C - +2 robe {Archmagi}
rNeg   + . .     Faith    .     (no shield)
rPois  ∞         Spirit   .     (no helmet)
rElec  +         Dismiss  .     B - +0 cloak
rCorr  .         Reflect  .     s - +0 pair of gloves
SustAt .         Harm     .     y - +1 pair of boots
MR     .....                    (no amulet)
Stlth  ++........               L - +3 ring of protection
                                m - +4 ring of strength

@: not resistant to hostile enchantments, unstealthy
A: negative energy resistance 1, electricity resistance, unbreathing,
petrification resistance, rot immunity, AC +5
a: Renounce Religion


You were on level 7 of the Dungeon.
You worshipped Vehumet.
Vehumet was aware of your devotion.
You were not hungry.

You visited 2 branches of the dungeon, and saw 8 of its levels.
You also visited: Ossuary.

You collected 264 gold pieces.

Inventory:

Hand Weapons
 A - a +2 whip of freezing (weapon)
Missiles
 b - 19 stones (quivered)
Armour
 h - a +0 buckler
 s - a +0 pair of gloves (worn)
 y - a +1 pair of boots (worn)
 B - a +0 cloak (worn)
 C - a +2 robe of the Archmagi (worn)
Jewellery
 m - a +4 ring of strength (left hand)
 I - an uncursed ring of protection from cold
 L - a +3 ring of protection (right hand)
Wands
 z - a wand of enslavement (13/24)
 G - a wand of acid (15/15)
 K - a wand of digging (6/24)
 M - a wand of digging (8/24)
 N - a wand of disintegration (1/24)
Scrolls
 l - 5 scrolls of enchant weapon
 o - a scroll of recharging
 t - 8 scrolls of immolation
 v - 2 scrolls of remove curse
 w - a scroll of fear
Potions
 g - a potion of might
 i - a potion of brilliance
 j - 4 potions of curing
 k - a potion of ambrosia
 q - 3 potions of invisibility
 u - a potion of lignification {unknown}
 D - a potion of haste {unknown}
 E - 2 potions of heal wounds {unknown}
 F - a potion of cure mutation {unknown}
 H - a potion of beneficial mutation {unknown}
 J - 2 potions of resistance
 O - a potion of mutation {unknown}
 P - a potion of flight {unknown}
Books
 c - a book of Geomancy

   Spells                             Type                      Level
   a - Sandblast                      Earth                        1
   b - Passwall                       Transmutation/Earth          2
   c - Stone Arrow                    Conjuration/Earth            3
   d - Petrify                        Transmutation/Earth          4
   e - Lee's Rapid Deconstruction     Earth                        5
 e - a book of Frost

   Spells                             Type                      Level
   a - Freeze                         Ice                          1
   b - Throw Frost                    Conjuration/Ice              2
   c - Ozocubu's Armour               Charms/Ice                   3
   d - Throw Icicle                   Conjuration/Ice              4
   e - Summon Ice Beast               Ice/Summoning                4
Comestibles
 a - 2 slices of pizza
 d - 4 bread rations
 f - 2 beef jerkies
 n - 2 fruits
 p - 4 chunks of flesh
 x - 3 meat rations


   Skills:
 + Level 3.4 Fighting
 + Level 2.9 Maces & Flails
 + Level 3.1 Armour
 + Level 3.0 Dodging
 - Level 2.1 Stealth
 * Level 7.3 Spellcasting
 + Level 2.8 Conjurations
   Level 0.7 Transmutations
 + Level 7.2 Earth Magic
 + Level 2.4 Evocations


You had 18 spell levels left.
You knew the following spells:

 Your Spells              Type           Power        Failure   Level  Hunger
a - Sandblast             Erth           ######       1%          1    None
b - Stone Arrow           Conj/Erth      #####.       4%          3    #......


Dungeon Overview and Level Annotations

Branches:
Dungeon (7/15)             Temple (1/1) D:5

Altars:
Elyvilon
Fedhas
Makhleb
Nemelex Xobeh
Pakellas
Qazlal
Ru
Sif Muna
Trog
Vehumet

Annotations:
D:7 Joseph


Innate Abilities, Weirdness & Mutations

You are resistant to torment.
Your stone body is resilient (AC +5).
You are immune to poison.
You resist negative energy.
You are resistant to electric shocks.
You can survive without breathing.
You are immune to petrification.
You are immune to rotting.


Message History

Casting: Sandblast
Confirm with . or Enter, or press ? or * to list all spells.
Aiming: Sandblast
Press: ? - help, Shift-Dir - straight line, f/p - orc wizard
Aim: an orc wizard, wielding a dagger, wearing a robe and carrying a wand of disintegration {zapped: 2} (moderately wounded, fast)
You feel a surge of power!
The blast of sand hits the orc wizard.
The orc wizard is moderately wounded.
The orc wizard zaps a wand.
You are blasted!
* * * LOW HITPOINT WARNING * * *
Casting: Sandblast
Confirm with . or Enter, or press ? or * to list all spells.
Aiming: Sandblast
Press: ? - help, Shift-Dir - straight line, f/p - orc wizard
Aim: an orc wizard, wielding a dagger, wearing a robe and carrying a wand of disintegration {zapped: 3} (moderately wounded, fast)
You feel a surge of power!
The blast of sand hits the orc wizard.
The orc wizard is moderately wounded.
The orc wizard hits you but does no damage.
The orc wizard casts a spell at you. The magic dart hits you!
You die...

#........#. ... ...
........... #..##..##
#....###...###
#........###....#.#...# #
...........##..###.###.# #
...............#.....'.# #
#).......#....###.###.###
.#.......o#......#.#......
.......>.@.......###......
..........................
#...%....#.....#.........
##..##..##.#..##.).......
## #....##..##.........
#.#......####?######
#.#..##.## #..# #.#..##÷#
###'### #.#..##(# #...#.#


You could see an orc wizard.

Vanquished Creatures
  Pikel (D:6)
  Grinder (D:3)
  Duvessa (D:5)
  A slave (D:5)
  An ogre (D:4)
  A necrophage (D:7)
  Blork the orc (D:4)
  A giant frog (D:5)
  Dowan (D:5)
  2 scorpions
  A water moccasin skeleton (D:4)
  2 crimson imps (D:5)
  2 centaur zombies
  2 hounds
  4 orc priests
  4 orc wizards
  A gnoll shaman (D:6)
  Jessica (D:2)
  Ijyb (D:3)
  A worker ant (D:4)
  Natasha (thrice) (D:3)
  A big kobold zombie (Ossuary)
  6 mummies (Ossuary)
  A howler monkey skeleton (D:5)
  10 adders
  5 gnolls
  An ooze (D:1)
  An adder skeleton (D:6)
  An adder zombie (D:6)
  4 dart slugs
  3 giant geckos
  22 orcs
  6 bats
  3 giant cockroaches
  4 goblins
  8 hobgoblins
  11 jackals
  6 kobolds
  2 quokkas (D:2)
  A ball python (D:2)
  A giant gecko skeleton (D:6)
  3 giant newts
  A gnoll zombie (Ossuary)
  A goblin zombie (Ossuary)
  A kobold zombie (Ossuary)
  3 orc zombies (Ossuary)
  12 rats
151 creatures vanquished.

Vanquished Creatures (others)
  A giant frog (D:6)
  A jelly (D:6)
  An adder (D:7)
  A giant gecko (D:7)
  2 orcs (D:6)
6 creatures vanquished.

Grand Total: 157 creatures vanquished

Notes
Turn   | Place    | Note
--------------------------------------------------------------
     0 | D:1      | KrisztiCat the Gargoyle Earth Elementalist began the quest for the Orb.
     0 | D:1      | Reached XP level 1. HP: 10/10 MP: 3/3
   264 | D:1      | Reached XP level 2. HP: 8/15 MP: 0/5
   586 | D:1      | Reached XP level 3. HP: 15/19 MP: 0/7
   592 | D:1      | You fall through a shaft!
   612 | D:2      | Noticed Jessica
  1292 | D:2      | Killed Jessica
  1292 | D:2      | Reached XP level 4. HP: 23/24 MP: 5/9
  1383 | D:2      | Found a sparkling altar of Nemelex Xobeh.
  1610 | D:2      | Reached XP level 5. HP: 25/28 MP: 4/10
  1695 | D:2      | Reached skill level 5 in Earth Magic
  2090 | D:3      | Noticed Ijyb
  2112 | D:3      | Killed Ijyb
  2439 | D:3      | Reached XP level 6. HP: 6/32 MP: 0/13
  2687 | D:3      | Noticed Natasha
  2701 | D:3      | Killed Natasha
  2718 | D:3      | Noticed Natasha
  2725 | D:3      | Killed Natasha
  2725 | D:3      | Reached skill level 5 in Spellcasting
  2783 | D:3      | Noticed Natasha
  2787 | D:3      | Killed Natasha
  2826 | D:3      | Noticed Grinder
  2851 | D:3      | Killed Grinder
  2851 | D:3      | Reached XP level 7. HP: 24/36 MP: 6/15
  2859 | D:3      | Learned a level 3 spell: Stone Arrow
  3300 | D:5      | Entered Level 5 of the Dungeon
  3335 | D:4      | Noticed Blork the orc
  3344 | D:4      | Killed Blork the orc
  3414 | D:4      | Reached skill level 1 in Armour
  3473 | D:4      | Reached skill level 1 in Maces & Flails
  3669 | D:4      | Reached skill level 1 in Fighting
  3703 | D:4      | Reached skill level 1 in Evocations
  3796 | D:4      | Reached skill level 1 in Conjurations
  3796 | D:4      | Reached XP level 8. HP: 43/43 MP: 12/17
  3831 | D:5      | Found a sacrificial altar of Ru.
  3886 | D:5      | Found a staircase to the Ecumenical Temple.
  3905 | Temple   | Entered the Ecumenical Temple
  3978 | Temple   | Became a worshipper of Vehumet
  4021 | D:5      | Found a deep blue altar of Sif Muna.
  4200 | D:5      | Found a white marble altar of Elyvilon.
  4201 | D:5      | Noticed Duvessa
  4204 | D:5      | Noticed Dowan
  4205 | D:5      | Killed Duvessa
  4209 | D:5      | Killed Dowan
  4393 | D:6      | Noticed Pikel
  4461 | D:5      | Found an oddly glowing altar of Pakellas.
  4598 | D:6      | Killed Pikel
  4598 | D:6      | Reached XP level 9. HP: 33/50 MP: 13/19
  4749 | D:7      | Reached * piety under Vehumet
  4749 | D:7      | Offered knowledge of Magic Dart by Vehumet.
  4957 | D:7      | Found a sand-covered staircase.
  4962 | Ossuary  | Entered an ossuary
  5380 | D:7      | Noticed Joseph
  5516 | D:7      | Killed from afar by an orc wizard

Skill      XL: |  1  2  3  4  5  6  7  8  9 |
---------------+----------------------------+-----
Earth Magic    | 4 5 6 7 |  7.2
Spellcasting   | 3 4 5 6 7 |  7.3
Armour         | 2 3 |  3.1
Maces & Flails | 1 2 |  2.9
Fighting       | 1 3 |  3.4
Evocations     | 1 2 |  2.4
Conjurations   | 1 2 |  2.8
Dodging        | 2 3 |  3.0
Stealth        | |  2.1
Transmutations | |  0.7

Action                   |  1- 3 |  4- 6 |  7- 9 || total
-------------------------+-------+-------+-------++-------
Melee: Short sword       |    46 |    39 |       ||    85
       Whip              |       |       |    64 ||    64
 Cast: Sandblast         |    52 |   126 |   265 ||   443
  Use: Potion            |       |     1 |     3 ||     4
       Scroll            |       |       |    16 ||    16
  Eat: Chunk             |     1 |     5 |     7 ||    13
       Fruit             |       |       |     2 ||     2
Armor: Robe              |    39 |    39 |   134 ||   212
Dodge: Dodged            |    45 |    79 |   171 ||   295
